 Dungeon Crawl Stone Soup version 0.21-a0-440-g28109cb (webtiles) character file.

63 Laiders the Shooter (level 3, -2/29 HPs)
             Began as a Centaur Hunter on Nov 10, 2017.
             Slain by Sigmund
             ... wielding a +0 scythe
              (7 damage)
             ... on level 2 of the Dungeon.
             The game lasted 00:08:26 (2125 turns).

Laiders the Shooter (Centaur Hunter)                Turns: 2125, Time: 00:08:27

Health: -2/29      AC:  4    Str: 15    XL:     3   Next: 89%
Magic:  3/3        EV:  9    Int: 10    God:
Gold:   78         SH:  0    Dex:  9    Spells: 2/2 levels left

rFire    . . .     SeeInvis .   a - +1 shortbow
rCold    . . .     Gourm    .   (shield currently unavailable)
rNeg     . . .     Faith    .   c - +0 leather armour
rPois    .         Spirit   .   (no helmet)
rElec    .         Reflect  .   (no cloak)
rCorr    .         Harm     .   (no gloves)
MR       .....                  (no barding)
Stlth    +.........             (no amulet)
HPRegen  0.09/turn              (no ring)
MPRegen  0.08/turn              (no ring)

@: very quick
A: hooves 3, deformed body, speed 2, tough skin 3
a: no special abilities


You were on level 2 of the Dungeon.
You were very hungry.

You visited 1 branch of the dungeon, and saw 2 of its levels.

You collected 78 gold pieces.

Inventory:

Hand Weapons
 a - a +1 shortbow (weapon)
 b - a +0 short sword
 l - a +0 spear
Missiles
 d - 27 arrows (quivered)
Armour
 c - a +0 leather armour (worn)
 s - a +3 chain mail
Jewellery
 n - an uncursed ring of magical power {unknown}
Scrolls
 e - a scroll of random uselessness {unknown}
 g - 2 scrolls of amnesia {unknown}
 j - a scroll of blinking {unknown}
 o - a scroll of teleportation {unknown}
 q - a scroll of fear {unknown}
 r - a scroll of identify {unknown}
Potions
 i - a potion of agility {unknown}
 k - a potion of lignification {unknown}
 m - a potion of heal wounds {unknown}
 p - a potion of mutation {unknown}
Comestibles
 f - a bread ration
 h - 2 meat rations


   Skills:
 - Level 2.0 Fighting
 + Level 7.3 Bows
 - Level 1.3 Dodging
 - Level 0.4 Stealth


You had 2 spell levels left.
You didn't know any spells.

Dungeon Overview and Level Annotations

Branches:
Dungeon (2/15)

Altars:

Annotations:
D:2 Sigmund


Innate Abilities, Weirdness & Mutations

You have hooves in place of feet.
Armour fits poorly on your strangely shaped body.
You cover ground very quickly.
You have extremely tough skin. (AC +3)


Message History

You feel less confused.
You are confused.
You bump into the rock wall.
You're too confused to move!
You are more confused.
You're too confused to move!
A puff of flame appears from out of thin air!
The puff of flame hits you!
* * * LOW HITPOINT WARNING * * *
You're too confused to move!
You are feeling very hungry.
A puff of flame appears from out of thin air!
The puff of flame misses you.
A magic dart appears from out of thin air!
The magic dart hits you!
* * * LOW HITPOINT WARNING * * *
You bump into the rock wall.
You feel less confused. Something hits you!
You die...

.......####.## # #.###..#....
..##.........#...# ..#...#....
.###.............#### #.#.#...#..
.###.................##.#.#...#..
###............# #......((..#..
....#..........#######...#.(.....
.##............#....(...(....(...
†#..#..........#.#####..(..#.....
..<###.........<@................
.####.........).#...........#....
.# #..........##................
.# #..........##............#..#
.# #............................
.# #..........#..............##.
.# ##.........#.................
.# ##......#.##.....####...#..#
.# ####..##.........####.......


There were no monsters in sight!

Vanquished Creatures
  An adder (D:2)
  2 oozes (D:1)
  A worm (D:2)
  4 leopard geckos
  A ball python (D:2)
  5 bats
  A giant cockroach (D:1)
  7 goblins
  3 hobgoblins (D:2)
  3 kobolds (D:1)
  4 frilled lizards (D:1)
  6 rats (D:1)
38 creatures vanquished.

Notes
Turn   | Place    | Note
-------+----------+-------------------------------------------
     0 | D:1      | Laiders the Centaur Hunter began the quest for the Orb.
     0 | D:1      | Reached XP level 1. HP: 17/17 MP: 1/1
   210 | D:1      | Reached XP level 2. HP: 23/24 MP: 2/2
   212 | D:1      | Reached skill level 6 in Bows
   686 | D:1      | Reached XP level 3. HP: 29/29 MP: 3/3
   897 | D:2      | Noticed Sigmund
  1446 | D:2      | Reached skill level 7 in Bows
  2125 | D:2      | Slain by Sigmund

Vault maps used:
D:1:      dpeg_arrival_solitude, grunt_decor_resistance
D:2:      gammafunk_temple_overflow_pools, dk_noncrumbling_3,
          minmay_misc_feat_more_columns, uniq_sigmund

Skill      XL: |  1  2  3 |
---------------+----------+-----
Bows           | 6 7 |  7.3
Fighting       | |  2.0
Dodging        | |  1.3
Stealth        | |  0.4

Action                   || total
-------------------------++-------
Melee: Spear             ||     4
       Kick              ||     1
 Fire: Shortbow          ||   137
  Eat: Chunk             ||     1
Armor: Leather armour    ||    20
Dodge: Dodged            ||    28

Table legend:
 A = Spawn XP
 B = Non-spawn XP
 C = Spawn XP percentage of total XP
 D = Spawn monster count
 E = Non-spawn monster count
 F = Spawn count percentage of total count
 G = Total turns spent on level
                    A         B        C        D         E        F      G
               +---------+---------+-------+---------+---------+-------+---------
         Total |       0 |      91 |   0.0 |       0 |      38 |   0.0 |  2125
               +---------+---------+-------+---------+---------+-------+---------
           D:1 |       0 |      55 |   0.0 |       0 |      26 |   0.0 |  1556
           D:2 |       0 |      36 |   0.0 |       0 |      12 |   0.0 |   569
               +---------+---------+-------+---------+---------+-------+---------
